 Dungeon Crawl Stone Soup version 0.23-a0-641-g0a7f1ce553 (webtiles) character file.

152 HereIgoKillingAgain the Chopper (level 5, 0/49 HPs)
             Began as a Deep Dwarf Skald on Dec 30, 2018.
             Slain by a worm (6 damage)
             ... on level 3 of the Dungeon.
             The game lasted 00:02:54 (2023 turns).

HereIgoKillingAgain the Chopper (Deep Dwarf Skald)  Turns: 2023, Time: 00:02:55

Health: 0/49       AC:  3    Str: 12    XL:     5   Next: 11%
Magic:  5/7        EV: 12    Int: 15    God:
Gold:   62         SH:  0    Dex: 10    Spells: 4/9 levels left

rFire    . . .     SeeInvis .   a - +0 hand axe
rCold    . . .     Gourm    .   (no shield)
rNeg     . . .     Faith    .   b - +0 leather armour
rPois    .         Spirit   .   (no helmet)
rElec    .         Reflect  .   (no cloak)
rCorr    .         Harm     +   (no gloves)
MR       .....                  (no boots)
Stlth    +.........             h - amulet of harm
HPRegen  0.00/turn              (no ring)
MPRegen  0.10/turn              (no ring)

@: non-regenerating
A: damage resistance, heal wounds, clumsy 1, sense surroundings 1, robust 1,
weak 1, wild magic 1, no regeneration
a: Heal Wounds


You were on level 3 of the Dungeon.
You were not hungry.

You visited 1 branch of the dungeon, and saw 3 of its levels.

You collected 62 gold pieces.

Inventory:

Hand Weapons
 a - a +0 hand axe (weapon)
Armour
 b - a +0 leather armour (worn)
Jewellery
 h - an amulet of harm (around neck)
Scrolls
 c - a scroll of remove curse {unknown}
 f - a scroll of teleportation {unknown}
 g - 2 scrolls of identify {unknown}
 j - a scroll of enchant weapon {unknown}
Potions
 e - 2 potions of curing
 k - a potion of agility
Comestibles
 d - 8 rations
 i - 3 chunks of flesh


   Skills:
 - Level 1.7 Fighting
 * Level 4.4 Axes
 - Level 1.1 Armour
 - Level 2.1 Dodging
 + Level 2.6 Spellcasting
 + Level 3.5 Charms


You had 4 spell levels left.
You knew the following spells:

 Your Spells              Type           Power        Failure   Level  Hunger
a - Song of Slaying       Chrm           ###.....     14%         2    ###....
b - Shroud of Golubria    Chrm/Tloc      #.........   26%         2    ###....
c - Infusion              Chrm           ###.         10%         1    #......

Your spell library contained the following spells:

 Spells                   Type           Power        Failure   Level  Hunger
 Spectral Weapon          Hex/Chrm       #.......     45%         3    ###....
 Regeneration             Chrm/Necr      Unusable     N/A         3    N/A

Dungeon Overview and Level Annotations

Branches:
Dungeon (3/15)

Altars:
Fedhas


Innate Abilities, Weirdness & Mutations

You are resistant to damage.
You can heal yourself by infusing magical energy.
You passively map a small area around you.
You do not regenerate.
You are clumsy. (Dex -2)
You are robust. (+10% HP)
You are weak. (Str -2)
Your spells are a little harder to cast, but a little more powerful.


Message History

You hit the worm.
The worm is lightly wounded.
The worm bites you!
* * * LOW HITPOINT WARNING * * *
Your shroud falls apart!
You hit the worm.
The worm is heavily wounded.
You hit the worm.
The worm is heavily wounded.
The worm bites you.
You hit the worm.
The worm is heavily wounded.
The worm bites you!
* * * LOW HITPOINT WARNING * * *
You hit the worm.
The worm is severely wounded.
You barely miss the worm.
The worm is severely wounded.
The worm bites you!
You die...

* * * ,
#, #.
#.##.
.#.. ###
, ,...
... , * ,
.. #.# *
#. #.#
#w##.# *
#.@..#
####.#
##.# #..#
#..# *
######..#
#.......#
#.####.##
#.# #.#


You could see a worm.

Vanquished Creatures
  A scorpion (D:2)
  4 adders (D:2)
  An ooze (D:1)
  2 worms (D:2)
  2 dart slugs
  A leopard gecko (D:2)
  3 orcs (D:3)
  5 bats
  3 giant cockroaches
  6 goblins
  6 hobgoblins
  9 kobolds
  A ball python (D:2)
  4 frilled lizards
  2 rats (D:2)
50 creatures vanquished.

Notes
Turn   | Place    | Note
-------+----------+-------------------------------------------
     0 | D:1      | HereIgoKillingAgain the Deep Dwarf Skald began the quest
                  | for the Orb.
     0 | D:1      | Reached XP level 1. HP: 19/19 MP: 3/3
   144 | D:1      | Reached XP level 2. HP: 16/26 MP: 5/5
   387 | D:1      | Reached skill level 3 in Axes
   391 | D:1      | Learned a level 2 spell: Song of Slaying
   727 | D:2      | Reached XP level 3. HP: 21/32 MP: 6/6
  1034 | D:2      | Reached XP level 4. HP: 12/39 MP: 7/7
  1081 | D:2      | Learned a level 2 spell: Shroud of Golubria
  1429 | D:2      | Found a blossoming altar of Fedhas.
  1506 | D:2      | Gained mutation: You are robust. (+10% HP) [potion of
                  | mutation]
  1506 | D:2      | Gained mutation: You are clumsy. (Dex -2) [potion of
                  | mutation]
  1506 | D:2      | Gained mutation: You are weak. (Str -2) [potion of
                  | mutation]
  1506 | D:2      | Gained mutation: Your spells are a little harder to cast,
                  | but a little more powerful. [potion of mutation]
  1656 | D:2      | Reached skill level 4 in Axes
  1798 | D:2      | Reached XP level 5. HP: 37/49 MP: 1/7
  2023 | D:3      | Slain by a worm

Vault maps used:
D:1:      dpeg_chamrin_arrival_tetris, chequers_serial_rivers_micro_e
D:2:      wad_pebble_path, lemuel_doored_altar, first_ration, minivault_25,
          minmay_misc_feat_doors, minmay_misc_feat_tiny,
          chequers_serial_rivers_micro_e

Skill      XL: |  1  2  3  4 |
---------------+-------------+-----
Spellcasting   | 2 |  2.6
Axes           | 3 4 |  4.4
Charms         | 3 |  3.5
Fighting       | |  1.7
Armour         | |  1.1
Dodging        | |  2.1

Action                   |  1- 3 |  4- 6 || total
-------------------------+-------+-------++-------
Melee: Hand axe          |   147 |   108 ||   255
 Cast: Shroud of Golubri |       |     4 ||     4
       Infusion          |       |     2 ||     2
 Abil: Heal Wounds       |     2 |     2 ||     4
  Use: Potion            |       |     4 ||     4
  Eat: Chunk             |       |     4 ||     4
Armor: Leather armour    |    33 |    21 ||    54
Dodge: Dodged            |    98 |    54 ||   152

Table legend:
 A = Non-vault XP
 B = Vault XP
 C = Vault XP percentage of total XP
 D = Non-vault monster count
 E = Vault monster count
 F = Vault count percentage of total count
                 A         B        C        D         E       F
            +---------+---------+-------+---------+---------+-------
      Total |     218 |       0 |   0.0 |      50 |       0 |   0.0
            +---------+---------+-------+---------+---------+-------
        D:1 |      35 |       0 |   0.0 |      16 |       0 |   0.0
        D:2 |     174 |       0 |   0.0 |      31 |       0 |   0.0
        D:3 |       9 |       0 |   0.0 |       3 |       0 |   0.0
            +---------+---------+-------+---------+---------+-------
